 Dungeon Crawl Stone Soup version 0.28-a0-1524-ge72afd5fc6 (webtiles) character file.

Game seed: 5519497016946380983

34166 flotson the Fighter (level 13, -1/103 HPs)
             Began as a Demonspawn Gladiator on Jan 17, 2022.
             Was an Initiate of Gozag.
             Succumbed to Nessos's poison
             ... on level 5 of the Lair of Beasts.
             The game lasted 00:35:22 (25545 turns).

flotson the Fighter (Demonspawn Gladiator)         Turns: 25545, Time: 00:35:22

Health: -1/103     AC: 20    Str: 19    XL:     13   Next: 40%
Magic:  13/13      EV: 12    Int:  9    God:    Gozag
Gold:   2675       SH:  9    Dex: 18    Spells: 12/12 levels left

rFire   . . .      SeeInvis .   a - +2 trident (venom)
rCold   + . .      Faith    .   R - +2 buckler {AC+3}
rNeg    . . .      Spirit   .   V - +2 chain mail {Will+}
rPois   .          Reflect  .   Q - +2 hat
rElec   .          Harm     .   w - +1 cloak
rCorr   +          Rampage  .   (gloves unavailable)
Will    +....                   (no boots)
Stlth   ..........              (no amulet)
HPRegen 0.27/turn               A - ring of protection from cold
MPRegen 0.13/turn               x - ring of resist corrosion

@: lethally poisoned (-1 -> -36)
A: thin skeletal structure 1, ignite blood 2, powered by death 1, demonic touch
3
a: Renounce Religion, Potion Petition, Call Merchant, Bribe Branch


You were on level 5 of the Lair of Beasts.
You worshipped Gozag.
Gozag was most pleased with you.
You visited 3 branches of the dungeon, and saw 17 of its levels.
You also visited: Gauntlet.

You collected 3026 gold pieces.
You spent 270 gold pieces at shops.
You paid 81 gold pieces to Gozag.

Inventory:

Hand Weapons
 a - a +2 trident of venom (weapon)
 b - a +4 war axe
 K - a +5 spear of pain
 W - a +0 hand axe of distortion
Missiles
 d - 3 throwing nets
 e - 9 silver javelins
 j - 21 poisoned darts
 t - 5 curare-tipped darts
 E - 8 javelins (quivered)
Armour
 s - a +1 plate armour of cold resistance
 w - a +1 cloak (worn)
 Q - a +2 hat (worn)
 R - a +2 buckler of protection (worn)
 V - a +2 chain mail of willpower (worn)
Jewellery
 x - a ring of resist corrosion (right hand)
 A - a ring of protection from cold (left hand)
 J - a ring of flight
 O - a ring of fire
Wands
 o - a wand of polymorph (10)
 r - a wand of iceblast (19)
 D - a wand of acid (9)
 P - a wand of flame (28)
Scrolls
 c - a scroll of identify
 f - 6 scrolls of fog
 g - 6 scrolls of blinking
 k - 3 scrolls of noise {unknown}
 l - 3 scrolls of immolation {unknown}
 n - 4 scrolls of enchant weapon {unknown}
 p - 4 scrolls of amnesia {unknown}
 q - 4 scrolls of magic mapping {unknown}
 u - 5 scrolls of teleportation
 B - 2 scrolls of torment {unknown}
 C - 7 scrolls of enchant armour
 G - a scroll of vulnerability {unknown}
 H - a scroll of brand weapon {unknown}
 N - 4 scrolls of fear
Potions
 h - 2 potions of attraction
 i - 6 potions of curing
 m - 2 potions of cancellation
 z - 2 potions of heal wounds
 I - 2 potions of flight
 M - 3 potions of lignification
Miscellaneous
 v - a phial of floods


   Skills:
 + Level 9.9 Fighting
 + Level 9.3 Axes
 + Level 9.1 Throwing
 + Level 8.8 Armour
 + Level 9.3 Dodging
 + Level 8.8 Shields


You had 12 spell levels left.
You didn't know any spells.
Your spell library contained the following spells:

 Spells                   Type           Power      Damage    Failure   Level
 Beastly Appendage        Tmut           0%         N/A       99%         1
 Freeze                   Ice            0%         1d3       99%         1
 Pain                     Necr           0%         1d4       99%         1
 Shock                    Conj/Air       0%         1d3       99%         1
 Corpse Rot               Necr/Air       0%         N/A       99%         2
 Passwall                 Tmut/Erth      0%         N/A       99%         2
 Poisonous Vapours        Pois/Air       0%         N/A       99%         2
 Wereblood                Tmut           0%         N/A       99%         2
 Frozen Ramparts          Ice            0%         1d2       100%        3
 Spider Form              Tmut/Pois      0%         N/A       100%        3
 Summon Guardian Golem    Hex/Summ       0%         N/A       100%        3
 Hailstorm                Conj/Ice       0%         3d3       100%        4
 Summon Lightning Spire   Summ/Air       0%         N/A       100%        4
 Agony                    Necr           0%         N/A       100%        5
 Excruciating Wounds      Necr           0%         N/A       100%        5
 Fireball                 Conj/Fire      0%         3d3       100%        5
 Iskenderun's Battlesphe  Conj           0%         2d6       100%        5
 Conjure Ball Lightning   Conj/Air       0%         3x3d6     100%        6
 Malign Gateway           Summ/Tloc      0%         N/A       100%        7
 Orb of Destruction       Conj           0%         9d5       100%        7
 Spellforged Servitor     Conj/Summ      0%         N/A       100%        7
 Storm Form               Tmut/Air       0%         N/A       100%        7
 Maxwell's Capacitive Co  Air            0%         ∞         100%        8
 Summon Horrible Things   Summ           0%         N/A       100%        8
 Shatter                  Erth           0%         3d5*      100%        9


Dungeon Overview and Level Annotations

Branches:
Dungeon (10/15)            Temple (1/1) D:6            Lair (6/6) D:8
  Swamp (0/4) Lair:2       Spider (0/4) Lair:3          Orc (0/2) D:9
Gauntlet (visited)
  Slime: Lair:5-6

Altars:
Ashenzari
Cheibriados
Elyvilon
Fedhas
Gozag
Kikubaaqudgha
Makhleb
Nemelex Xobeh
Okawaru
Qazlal
Ru
Sif Muna
Uskayaw
Vehumet
Wu Jian
Yredelemnul
Zin
The Shining One

Shops:
D:1 *   D:4 ?   D:7 *   D:10 *

Annotations:
Lair:3 2 transporters
Lair:6 Nessos


Innate Abilities, Weirdness & Mutations

You have a somewhat thin skeletal structure. (Dex +2, Stealth+)
Your demonic aura often causes spilled blood to erupt in flames.
You regenerate a little health from kills.
Your touch may irresistibly damage your foes and sap their willpower.


Message History

You are poisoned.
The boulder beetle curls into a ball and begins rolling!
You reach to attack!
You hit the boulder beetle but do no damage.
The boulder beetle is poisoned.
You feel very sick.
Nessos shoots an arrow.
The arrow hits you but does no damage.
Nessos shoots an arrow.
The arrow hits you! The arrow burns you.
You are more poisoned.
The boulder beetle hits you but does no damage.
The boulder beetle stops rolling and uncurls.
Found a stone staircase leading up.
You feel extremely sick.
Nessos shoots an arrow.
The arrow hits you! The arrow burns you!
You are lethally poisoned!
A yak comes into view.
The boulder beetle bites you.
You hear a bellow!
You hear a loud, deep croak!
* * * LOW HITPOINT WARNING * * *
You feel extremely sick.
The yak bellows!
You hear a croak.
Nessos casts a spell.
Nessos blinks!
A yak and a cane toad come into view.
* * * LOW HITPOINT WARNING * * *
You feel extremely sick.
The yak bellows!
The cane toad croaks.
You hear an angry hiss.
A water moccasin comes into view.
There is a stone staircase leading up here.
* * * LOW HITPOINT WARNING * * *
You feel very sick.
Nessos shoots an arrow.
The arrow hits you.
* * * LOW HITPOINT WARNING * * *
The arrow burns you.
You are more poisoned.
* * * LOW HITPOINT WARNING * * *
The yak bellows!
You climb upwards.
You die...
Your body crumbles into a pile of gold.

#......##.........#
##.....#(.≈≈≈......
###....###≈..#...≈
#...###.....≈.≈≈
####.....#P....P≈≈.
#.#.....#....≈..≈..
#.#..........≈....≈
##...........≈≈..≈≈
##@...........≈..≈.
#.B.###.......≈≈.≈.
#..###.........≈≈..
#.## #....##....≈..
### #......###....
###P...# #.... ###
##P..## ##...
####.###P....# ##...
#.......P...####....


You could see a boulder beetle (very poisoned).

Vanquished Creatures
  A minotaur (Gauntlet)
  A boulder beetle (Lair:4)
  Fannar (Lair:1)
  4 hydras
  2 two-headed ogres
  Nergalle (D:8)
  A bog body (Lair:2)
  A cyclops (D:9)
  7 elephants
  6 black mambas
  15 cane toads
  2 rime drakes
  9 komodo dragons
  A polar bear (Lair:3)
  2 hornets
  A troll (D:9)
  15 blink frogs
  Grinder (D:6)
  7 dream sheep (Lair:6)
  12 flying skulls (Gauntlet)
  Sigmund (D:5)
  A shadow (D:9)
  3 vampires
  4 wyverns
  18 yaks
  A steam dragon (D:7)
  7 water moccasins
  4 black bears
  A sky beast (D:8)
  3 orc warriors
  2 ice beasts
  2 necrophages
  2 ogres (D:5)
  5 centaurs
  2 phantoms
  10 bullfrogs
  4 kobold brigands
  2 gnoll sergeants (D:10)
  2 scorpions
  A water moccasin zombie (D:6)
  3 wights (D:7)
  4 howler monkeys
  A centaur zombie (D:5)
  A bullfrog zombie (D:6)
  A jelly (D:4)
  4 orc priests
  2 bullfrog skeletons (D:6)
  A centaur skeleton (D:5)
  2 hounds
  A gnoll shaman (D:4)
  Jessica (D:3)
  2 iguanas
  Ijyb (D:3)
  7 orc wizards
  A hound skeleton (D:4)
  Robin (D:3)
  8 gnolls
  6 adders
  3 shadow imps
  2 white imps
  2 ufetubi
  2 adder skeletons (D:4)
  8 worms
  3 dart slugs (D:1)
  24 orcs
  7 bats
  6 endoplasms
  7 giant cockroaches
  13 goblins
  10 hobgoblins
  13 jackals
  3 quokkas
  4 ball pythons
  3 frilled lizards
  29 kobolds
  6 rats
357 creatures vanquished.

Vanquished Creatures (others)
  An orc (D:8)
  27 fungi
  85 plants
113 creatures vanquished.

Grand Total: 470 creatures vanquished

Notes
Turn   | Place    | Note
-------+----------+-------------------------------------------
     0 | D:1      | flotson the Demonspawn Gladiator began the quest for the
                  | Orb.
     0 | D:1      | Reached XP level 1. HP: 16/16 MP: 1/1
   278 | D:1      | Found Qemite's General Store.
   289 | D:1      | Gained mutation: You have a somewhat thin skeletal
                  | structure. (Dex +2, Stealth+) [demonic ancestry]
   289 | D:1      | Reached XP level 2. HP: 22/22 MP: 2/2
   761 | D:1      | Gained mutation: You regenerate a little health from kills.
                  | [demonic ancestry]
   761 | D:1      | Reached XP level 3. HP: 26/28 MP: 3/3
  1308 | D:2      | Reached skill level 1 in Armour
  2025 | D:3      | Gained mutation: Your demonic aura sometimes causes spilled
                  | blood to erupt in flames. [demonic ancestry]
  2025 | D:3      | Reached XP level 4. HP: 34/34 MP: 4/4
  2065 | D:3      | Found a faded altar of an unknown god.
  2483 | D:3      | Noticed Robin
  2519 | D:3      | Killed Robin
  2725 | D:3      | Reached XP level 5. HP: 39/39 MP: 5/5
  2732 | D:3      | Noticed Ijyb
  2750 | D:3      | Killed Ijyb
  2751 | D:3      | Reached skill level 1 in Shields
  3032 | D:3      | Noticed Jessica
  3035 | D:3      | Killed Jessica
  3304 | D:4      | Reached XP level 6. HP: 32/47 MP: 6/6
  3400 | D:4      | Found Hucwewn's Magic Scroll Shoppe.
  3430 | D:4      | Bought a scroll of identify for 24 gold pieces
  3430 | D:4      | Bought a scroll of teleportation for 36 gold pieces
  3430 | D:4      | Bought a scroll of fear for 42 gold pieces
  3430 | D:4      | Bought a scroll of fog for 24 gold pieces
  3983 | D:5      | Entered Level 5 of the Dungeon
  4307 | D:4      | Gained mutation: Your touch may inflict minor irresistible
                  | damage on your foes. [demonic ancestry]
  4307 | D:4      | Reached XP level 7. HP: 8/52 MP: 7/7
  4705 | D:5      | Noticed Sigmund
  4726 | D:5      | Killed Sigmund
  5114 | D:5      | Gained mutation: Your demonic aura often causes spilled
                  | blood to erupt in flames. [demonic ancestry]
  5114 | D:5      | Reached XP level 8. HP: 60/60 MP: 8/8
  6645 | D:6      | Noticed Grinder
  6660 | D:6      | Killed Grinder
  6905 | D:6      | Reached skill level 5 in Fighting
  6905 | D:6      | Reached skill level 5 in Axes
  6919 | D:6      | Found a staircase to the Ecumenical Temple.
  6929 | Temple   | Entered the Ecumenical Temple
  7052 | Temple   | Became a worshipper of Gozag Ym Sagoz the Greedy
  7221 | D:6      | Reached skill level 5 in Dodging
  7863 | D:7      | Gained mutation: Your touch may inflict irresistible damage
                  | on your foes. [demonic ancestry]
  7863 | D:7      | Reached XP level 9. HP: 68/68 MP: 9/9
  8154 | D:7      | Found a stormy altar of Qazlal.
  8500 | D:7      | Reached skill level 5 in Throwing
  9228 | D:7      | Found Ongeceu's Assorted Antiques.
  9239 | D:7      | Bought a scroll of identify for 60 gold pieces
  9239 | D:7      | Bought a bubbling inky potion for 27 gold pieces
  9239 | D:7      | Bought a scroll labelled DUPPEC PAXUO for 30 gold pieces
  9239 | D:7      | Bought a metallic purple potion for 27 gold pieces
  9786 | D:8      | Reached skill level 5 in Armour
  9816 | D:8      | Found a staircase to the Lair.
  9822 | D:8      | Reached skill level 5 in Shields
 10000 | D:8      | Gained mutation: Your touch may irresistibly damage your
                  | foes and sap their willpower. [demonic ancestry]
 10000 | D:8      | Reached XP level 10. HP: 23/76 MP: 10/10
 10264 | D:8      | Found a radiant altar of Vehumet.
 10567 | D:9      | Noticed a two-headed ogre
 11128 | D:9      | Noticed a cyclops
 11144 | D:9      | Killed a cyclops
 11643 | D:9      | Found a staircase to the Orcish Mines.
 11838 | D:9      | Killed a two-headed ogre
 12207 | D:10     | Entered Level 10 of the Dungeon
 12207 | D:10     | Noticed a two-headed ogre
 12575 | D:10     | Noticed Sonja
 12576 | D:10     | Noticed Sonja
 12576 | D:10     | Sonja changed into Sonja the hornet
 12593 | D:10     | Paralysed by Sonja for 1 turns
 13001 | D:10     | Killed a two-headed ogre
 13235 | D:10     | Found Ireniynk's Changing Room.
 13561 | D:10     | Reached XP level 11. HP: 37/84 MP: 11/11
 13955 | D:10     | Killed Sonja the hornet
 14063 | Lair:1   | Entered Level 1 of the Lair of Beasts
 14461 | Lair:1   | Noticed Nergalle
 14612 | D:8      | Killed Nergalle
 14985 | Lair:1   | Noticed Fannar
 15015 | Lair:1   | Killed Fannar
 16136 | Lair:1   | Noticed an eight-headed hydra
 16143 | Lair:1   | Killed an eight-headed hydra
 16429 | Lair:2   | Noticed a four-headed hydra
 16436 | Lair:2   | Killed a four-headed hydra
 16438 | Lair:2   | Noticed a seven-headed hydra
 16477 | D:8      | HP: 4/86 [seven-headed hydra (2)]
 17458 | Lair:2   | Noticed a bog body
 17813 | Lair:2   | Killed a bog body
 17822 | Lair:2   | Reached XP level 12. HP: 29/94 MP: 12/12
 18728 | Lair:2   | Found a staircase to the Swamp.
 20571 | Lair:3   | Found a hole to the Spider Nest.
 21174 | Lair:3   | Found a transporter.
 21178 | Lair:3   | Found a transporter.
 21178 | Lair:3   | Noticed a boulder beetle
 21178 | Lair:3   | Noticed a boulder beetle
 21401 | Lair:4   | Found a gate leading to a gauntlet.
 21411 | Gauntlet | Entered a Gauntlet
 21411 | Gauntlet | Found a transporter.
 21411 | Gauntlet | Found a transporter.
 21411 | Gauntlet | Found a transporter.
 21503 | Gauntlet | Found a transporter.
 21505 | Gauntlet | Found a transporter.
 21513 | Gauntlet | Found a transporter.
 21516 | Gauntlet | Found a transporter.
 21524 | Gauntlet | Found a transporter.
 21541 | Gauntlet | Noticed a quicksilver ooze
 21542 | Gauntlet | Found a transporter.
 21560 | Gauntlet | Found a transporter.
 21563 | Gauntlet | Found a transporter.
 21575 | Gauntlet | Found a transporter.
 22332 | Gauntlet | Got the Disquisition on the Cloudy Mountains
 22472 | Gauntlet | Noticed a minotaur
 22480 | Gauntlet | Killed a minotaur
 22832 | Lair:4   | Noticed an eight-headed hydra
 22839 | Lair:4   | Killed an eight-headed hydra
 22858 | Lair:4   | Noticed a boulder beetle
 22931 | Lair:4   | Killed a boulder beetle
 22932 | Lair:4   | Reached XP level 13. HP: 48/101 MP: 13/13
 24762 | Lair:6   | Entered Level 6 of the Lair of Beasts
 25538 | Lair:6   | Noticed Nessos
 25545 | Lair:5   | Succumbed to Nessos's poison

Illustrated notes

Levels and vault maps discovered:
D:1:      amcnicky_arrival_wind_blow, layout_basic, serial_forest,
          infiniplex_forest_end_3, infiniplex_forest_straight_2,
          infiniplex_forest_zigzag_1, infiniplex_forest_clump_C,
          infiniplex_forest_lined_2, infiniplex_forest_clump_tiny, serial_shops,
          nicolae_shop_waterfront, minmay_indecisive_spiral
D:2:      layout_basic, minmay_quantized
D:3:      layout_loops_ring, basic_ecumenical_altar, uniq_ijyb, uniq_robin,
          uniq_jessica
D:4:      layout_rooms, serial_shops, nicolae_shop_crystal,
          grunt_decor_one_mirror, amcnicky_mini_corridor_feature
D:5:      layout_layer_cave, hangedman_glass_teeth, chequers_big_river,
          grunt_tough_drop, uniq_sigmund
D:6:      layout_loops_corners, temple_hall, uniq_grinder
D:7:      kennysheep_kobold_camp, layout_basic,
          mainiacjoe_overflow_tiny_flanked, serial_shops,
          nicolae_shop_hallway_plus
D:8:      layout_cave_pools, mainiacjoe_overflow_alcove_1,
          grunt_lair_entry_orc_guard_hut
D:9:      layout_basic, gammafunk_temple_overflow_pools, orc_0_dummy,
          kennysheep_generic_room_8
D:10:     layout_irregular_city, st_stairs_10, nicolae_twisting_strands,
          nicolae_transmutations_shop, uniq_sonja
Temple:   dpeg_five_rooms_temple
Lair:1:   layout_cave_pods, serial_bayou_shore_b, uniq_nergalle, uniq_fannar
Lair:2:   layout_loops_ring, skrybe_swamp_entry_bodies, serial_forest,
          infiniplex_forest_clump_tiny, infiniplex_forest_corner_2,
          infiniplex_forest_clump_long, infiniplex_forest_clump_curved,
          infiniplex_forest_straight_4, infiniplex_forest_lined_ring,
          infiniplex_forest_corner_2, infiniplex_forest_corner_1
Lair:3:   gammafunk_boulding_lane, layout_loops_ring,
          spider_nest_entry_web_field, grunt_megastairs_5
Lair:4:   layout_loops_ring, gauntlet_entry_generic
Lair:5:   layout_layer_cave, chequers_serial_rivers_small_b
Lair:6:   cheibrodos_lair_end_hotspot, layout_misc_corridors, slime_altar_1,
          uniq_nessos

Skill      XL: |  1  2  3  4  5  6  7  8  9 10 11 12 13 |
---------------+----------------------------------------+-----
Throwing       | 2 3 4 5 6 7 8 9 |  9.1
Axes           | 3 4 5 6 7 8 9 |  9.3
Dodging        | 3 4 5 6 7 8 9 |  9.3
Armour         | 1 2 3 4 5 6 7 8 |  8.8
Shields        | 1 2 4 5 6 7 8 |  8.8
Fighting       | 3 4 5 6 7 8 9 |  9.9

Action                   |  1- 3 |  4- 6 |  7- 9 | 10-12 | 13-15 || total
-------------------------+-------+-------+-------+-------+-------++-------
Melee: War axe           |    79 |    98 |    59 |   127 |    38 ||   401
       Punch             |     1 |       |       |       |       ||     1
       Hand axe          |       |       |   258 |       |       ||   258
       Spear             |       |       |       |    89 |       ||    89
       Trident           |       |       |       |   290 |   106 ||   396
 Fire: Hunting sling     |    78 |   167 |    30 |       |       ||   275
       Hand crossbow     |       |       |    48 |    92 |       ||   140
Throw: Throwing net      |       |     2 |     2 |     8 |       ||    12
       Dart              |       |       |       |     2 |       ||     2
Evoke: Wand              |       |       |       |     8 |       ||     8
  Use: Scroll            |       |       |     6 |     6 |     1 ||    13
       Potion            |       |       |       |    12 |       ||    12
 Stab: Sleeping          |     1 |       |       |       |       ||     1
       Distracted        |       |       |     4 |     2 |       ||     6
       Held in net/web   |       |       |       |     3 |       ||     3
Armor: Leather armour    |    28 |       |       |       |       ||    28
       Ring mail         |    20 |    29 |       |       |       ||    49
       Plate armour      |       |    82 |   187 |   336 |       ||   605
       Chain mail        |       |       |       |    22 |    47 ||    69
Dodge: Dodged            |    79 |    65 |    73 |   211 |    41 ||   469
Block: Buckler           |     4 |    37 |    74 |    20 |    56 ||   191
       Kite shield       |       |       |    15 |   368 |       ||   383

Table legend: (Time is in decaauts)
 A = Elapsed time spent in this place.
 B = Non-inter-level travel time spent in this place.
 C = Inter-level travel time spent in this place.
 D = Time resting spent in this place.
 E = Time spent auto-exploring this place.
 F = Levels seen in this place.
 G = Mean time per level.
                   A        B        C        D        E       F      G
               +--------+--------+--------+--------+--------+-----+--------+
         Total |  25922 |  24981 |    941 |   2879 |  18235 |  18 | 1440.1 |
       Dungeon |  15389 |  14672 |    717 |   1660 |  10586 |  10 | 1538.9 |
        Temple |    199 |    123 |     76 |      0 |    110 |   1 |  199.0 |
          Lair |   9188 |   9040 |    148 |    678 |   7196 |   6 | 1531.3 |
      Gauntlet |   1144 |   1144 |      0 |    541 |    343 |   1 | 1144.0 |
               +--------+--------+--------+--------+--------+-----+--------+

Top non-repeatable levels by time:
  Lair:1: 2707 daAuts
     D:8: 2391 daAuts
     D:5: 2182 daAuts
     D:9: 2022 daAuts
  Lair:2: 1852 daAuts
     D:7: 1637 daAuts
  Lair:3: 1445 daAuts
  Lair:4: 1424 daAuts
    D:10: 1418 daAuts
     D:1: 1325 daAuts
     D:4: 1308 daAuts
     D:3: 1302 daAuts
Gauntlet: 1144 daAuts
     D:6: 1095 daAuts
  Lair:5: 973 daAuts
